 Dungeon Crawl Stone Soup version 0.17-a0-1685-g57e755e (webtiles) character file.

179 abixa the Ruffian (level 5, -7/32 HPs)
             Began as a Gargoyle Fighter on Aug 19, 2015.
             Killed by nerve-wracking pain
             ... invoked by an orc priest
              (9 damage)
             ... on level 3 of the Dungeon.
             The game lasted 00:05:06 (2051 turns).

abixa the Ruffian (Gargoyle Fighter)                Turns: 2051, Time: 00:05:06

Health: -7/32      AC: 12    Str: 20    XL:     5   Next: 59%
Magic:  5/5        EV:  7    Int:  9    God:
Gold:   132        SH:  9    Dex:  9    Spells: 0 memorised, 4 levels left

rFire  . . .     SeeInvis +       - Unarmed
rCold  . . .     Clarity  .     a - +0 scale mail
rNeg   + . .     SustAt   .     b - +0 shield
rPois  ∞         Gourm    .     z - +0 helmet
rElec  +         Spirit   .     (no cloak)
rCorr  .         Warding  .     (no gloves)
rMut   .         Stasis   .     (no boots)
MR     .....                    (no amulet)
Stlth  ..........               (no ring)
                                e - ring of see invisible (curse)

@: not resistant to hostile enchantments, extremely unstealthy
A: negative energy resistance 1, electricity resistance, unbreathing,
petrification resistance, rot immunity, AC +4
a: no special abilities


You were on level 3 of the Dungeon.
You were not hungry.

You visited 1 branch of the dungeon, and saw 3 of its levels.

You collected 132 gold pieces.

Inventory:

Hand weapons
 j - a cursed -2 hunting sling
 t - a +0 trident
Missiles
 h - 82 stones (quivered)
 k - 25 bolts
 o - 20 poisoned needles
 s - 11 bolts of frost
Armour
 a - a +0 scale mail (worn)
 b - a +0 shield (worn)
 z - a +0 helmet (worn)
Jewellery
 e - a cursed ring of see invisible (left hand)
 f - an uncursed ring of stealth
 l - an uncursed ring of ice
 y - an uncursed ring of fire
Magical devices
 r - a wand of polymorph (8)
Scrolls
 i - 4 scrolls of remove curse {unknown}
 n - a scroll of identify {unknown}
 p - a scroll of fog {unknown}
 q - a scroll of noise {unknown}
 w - a scroll of enchant armour {unknown}
Potions
 c - a potion of might
 g - a potion of curing {unknown}
 m - 2 potions of resistance {unknown}
 u - a potion of flight {unknown}
 v - a potion of mutation {unknown}
 x - a potion of degeneration {unknown}
Books
 A - a book of Annihilations

   Spells                             Type                      Level
   a - Poison Arrow                   Conjuration/Poison           6
   b - Chain Lightning                Conjuration/Air              8
   c - Lehudib's Crystal Spear        Conjuration/Earth            8
   d - Glaciate                       Conjuration/Ice              9
   e - Fire Storm                     Conjuration/Fire             9
Comestibles
 d - 2 bread rations
 B - a slice of pizza


   Skills:
 - Level 3.2 Fighting
 - Level 3.2 Armour
 - Level 3.2 Shields
 + Level 5.6 Unarmed Combat


You had 4 spell levels left.
You didn't know any spells.

Dungeon Overview and Level Annotations

Branches:
Dungeon (3/15)

Altars:


Innate Abilities, Weirdness & Mutations

You are resistant to torment.
Your stone body is resilient (AC +4).
You are immune to poison.
You resist negative energy.
You are resistant to electric shocks.
You can survive without breathing.
You are immune to petrification.
You are immune to rotting.


Message History

You hit the ooze.
The ooze is almost dead.
The ooze hits you but does no damage.
You punch the ooze!
You kill the ooze!
You block the orc priest's attack.
The orc priest calls down the wrath of Beogh upon you.
Something smites you!
Items here: ) [ †† a dagger; a robe; an orc corpse; an orc corpse You hit the orc priest but do no damage.
The orc priest hits you but does no damage.
You closely miss the orc priest.
The orc priest invokes the aid of Beogh against you.
Something smites you!
* * * LOW HITPOINT WARNING * * *
You hit the orc priest but do no damage.
The orc priest mumbles some strange prayers to Beogh against you.
Pain shoots through your body!
You die...

.# ...
#####.########..#
.. #.# #..# #.#
######..#
#.###.......#
.........#†.#
#######..#.##.#
..............#
#####..#.##.#
#.@..^...##.#
#o###.......# #)#
##.####.# #.# #.#
#.#
#.#####.####.#
..#
.....>.......# .#
######..##.....
#..# .#### #..#


You could see an orc priest.

Vanquished Creatures
  Jessica (D:2)
  Natasha (twice) (D:2)
  An orc wizard (D:3)
  4 adders
  A gnoll (D:1)
  An ooze (D:3)
  A worm (D:2)
  3 giant geckos
  An orc (D:3)
  2 giant cockroaches
  4 hobgoblins
  2 jackals (D:2)
  A quokka (D:3)
  7 bats
  2 giant newts
  9 goblins
  9 kobolds
  7 rats
58 creatures vanquished.

Vanquished Creatures (others)
  Natasha (D:2)
  A giant cockroach (D:2)
2 creatures vanquished.

Grand Total: 60 creatures vanquished

Notes
Turn   | Place    | Note
--------------------------------------------------------------
     0 | D:1      | abixa the Gargoyle Fighter began the quest for the Orb.
     0 | D:1      | Reached XP level 1. HP: 14/14 MP: 1/1
    39 | D:1      | Reached XP level 2. HP: 5/19 MP: 2/2
   640 | D:1      | Reached XP level 3. HP: 20/23 MP: 3/3
  1062 | D:2      | Reached skill level 4 in Unarmed Combat
  1190 | D:2      | Noticed Jessica
  1195 | D:2      | Killed Jessica
  1195 | D:2      | Reached XP level 4. HP: 24/28 MP: 4/4
  1389 | D:2      | Noticed Natasha
  1397 | D:2      | Killed Natasha
  1399 | D:2      | Killed Natasha
  1619 | D:2      | Reached skill level 5 in Unarmed Combat
  1772 | D:2      | Noticed Natasha
  1789 | D:2      | Killed Natasha
  1789 | D:2      | Reached XP level 5. HP: 28/32 MP: 5/5
  2051 | D:3      | Killed from afar by an orc priest

Vault maps used:
D:1:      minmay_arrival_hallway, hex_medium, minmay_misc_feat_more_columns
D:2:      first_bread, lemuel_old_faithful, uniq_natasha, uniq_jessica
D:3:      uniq_robin

Action                   |  1- 3 |  4- 6 || total
-------------------------+-------+-------++-------
Melee: Unarmed           |   157 |   131 ||   288
  Eat: Chunk             |     1 |     3 ||     4
